AoeStats
← 貓妖

Arena

508877047Analyzed
4v4 RM · 9d ago on Sep 24, 2026· 28m 15s· 8 players
Game mode
Random Map
Map size
Large (8 player)
Population
200
Speed
Normal
Resources
Standard
Victory
Conquest
Starting age
Dark Age
Ending age
Imperial Age
RankedLock teamsTeams togetherTeam positionsShared explorationLock speedFull tech treeHidden civsTurbo modeCheats
Victory
Defeat
🇹🇼 Saxons · Taiwan
1496
+7
🇹🇼 Varangians · Taiwan
1333
+13
🇹🇼 Turks · Taiwan
1271
+16
🇹🇼 Franks · Taiwan
1111
+21
🇹🇼 Mongols · Taiwan
1309
-16
🇦🇷 Danes · Argentina
1269
-14
🇮🇪 Persians · Ireland
1258
-14
🇧🇷 Dravidians · Brazil
1236
-13
Banik1922
6:22 Loom
10:42 Feudal Age
12:23 Double-Bit Axe
14:54 Castle Age
12:40 Horse Collar
13:08 Gold Mining
19:42 Wheelbarrow
21:46 Scale Barding Armor
21:52 Forging
22:06 Bloodlines
22:15 Husbandry
24:53 Chain Barding Armor
24:57 Light Cavalry
26:52 Forging
28:44 Hand Cart
28:15 Loom
28:16 Town Watch
1234567
11:11 Feudal Age
14:52 Castle Age
13:24 Double-Bit Axe
13:28 Horse Collar
15:55 Bow Saw
16:41 Wheelbarrow
17:05 Heavy Plow
17:55 Loom
20:17 Gold Mining
24:28 Hand Cart
29:39 Imperial Age
as8923221
10:12 Feudal Age
14:08 Castle Age
12:18 Double-Bit Axe
12:53 Horse Collar
16:27 Bow Saw
21:43 Wheelbarrow
22:08 Gold Mining
22:24 Heavy Plow
23:52 Hand Cart
24:12 Fletching
25:03 Scale Barding Armor
25:57 Gold Shaft Mining
26:46 Loom
28:38 Padded Archer Armor
28:58 Chain Barding Armor
28:49 Forging
28:35 Bodkin Arrow
Nightmare
9:29 Feudal Age
11:15 Double-Bit Axe
13:44 Castle Age
12:59 Stone Mining
13:26 Horse Collar
14:17 Loom
15:54 Bow Saw
高德納
5:11 Loom
10:56 Feudal Age
15:01 Castle Age
13:00 Double-Bit Axe
13:44 Horse Collar
14:47 Loom
16:35 Bow Saw
19:24 Wheelbarrow
19:57 Scale Mail Armor
21:20 Fletching
22:23 Redemption
22:27 Gold Mining
24:01 Sanctity
24:13 Sanctity
24:20 Padded Archer Armor
24:45 Chain Mail Armor
25:45 Forging
28:56 Iron Casting
戳中之霸 DY能兒
1:41 Loom
11:26 Feudal Age
15:59 Castle Age
14:12 Double-Bit Axe
17:57 Loom
21:57 Imperial Age
貓妖
10:40 Feudal Age
14:25 Castle Age
12:55 Double-Bit Axe
18:04 Wheelbarrow
18:07 Fletching
22:33 Bodkin Arrow
25:09 Padded Archer Armor
26:45 Bow Saw
26:47 Husbandry
烏雲中
9:55 Feudal Age
11:10 Loom
13:55 Castle Age
11:49 Double-Bit Axe
12:08 Horse Collar
14:59 Bow Saw
19:29 Wheelbarrow
20:45 Gold Mining
26:50 Imperial Age
24:49 Scale Barding Armor
24:55 Forging
24:42 Stone Mining
26:01 Hand Cart
27:17 Chain Barding Armor
27:33 Iron Casting
28:58 Plate Barding Armor
27:54 Cavalier
28:35 Husbandry
28:46 Bloodlines
Connection lost

Rejoining the realm…

Still unreachable

The connection could not be restored.

Session expired

The server has moved on; the page needs a fresh start.